 Dungeon Crawl Stone Soup version 0.26.0-20-g3ca415f5b8 (webtiles) character file.

Game seed: 7189608834829521268

135 Gadfly the Skirmisher (level 5, -3/54 HPs)
             Began as an Ogre Monk on Jan 25, 2021.
             Slain by a centaur (5 damage)
             ... on level 5 of the Dungeon.
             The game lasted 00:04:06 (3666 turns).

Gadfly the Skirmisher (Ogre Monk)                   Turns: 3666, Time: 00:04:06

Health: -3/54      AC:  5    Str: 16    XL:     5   Next: 18%
Magic:  6/6        EV: 10    Int: 11    God:
Gold:   120        SH:  0    Dex: 11    Spells: 4/4 levels left

rFire    . . .     SeeInvis .   a - +0 flail
rCold    . . .     Faith    .   (no shield)
rNeg     . . .     Spirit   .   k - +1 robe
rPois    .         Reflect  .   (helmet restricted)
rElec    .         Harm     .   g - +0 cloak
rCorr    .         Rampage  .   (gloves unavailable)
Will     .....                  (boots unavailable)
Stlth    ++........             (no amulet)
HPRegen  0.18/turn              (no ring)
MPRegen  0.10/turn              (no ring)

@: no status effects
A: large, unfitting armour, tough skin 1
a: no special abilities


You were on level 5 of the Dungeon.
You visited 1 branch of the dungeon, and saw 5 of its levels.

You collected 120 gold pieces.

Inventory:

Hand Weapons
 a - a +0 flail (weapon)
 b - a +0 dagger of flaming
 j - a +1 dagger of holy wrath
Missiles
 e - 74 stones (quivered)
Armour
 g - a +0 cloak (worn)
 k - a +1 robe (worn)
Scrolls
 c - 2 scrolls of remove curse
 i - a scroll of enchant armour
Potions
 d - 2 potions of curing
 f - a potion of magic {unknown}
 h - a potion of lignification


   Skills:
 - Level 4.0 Fighting
 + Level 3.1 Maces & Flails
 * Level 1.8 Throwing
 * Level 1.5 Armour
 - Level 2.6 Dodging
 - Level 1.4 Stealth
 * Level 2.3 Invocations
 * Level 1.5 Evocations


You had 4 spell levels left.
You didn't know any spells.
Your spell library was empty.

Dungeon Overview and Level Annotations

Branches:
Dungeon (4/15)
 Temple: D:4-7

Altars:


Innate Abilities, Weirdness & Mutations

You are too large for most types of armour.
You have tough skin. (AC +1)


Message History

You feel better.
The centaur hits you but does no damage.
You barely miss the centaur.
The centaur is severely wounded.
The centaur barely misses you. x2
You hit the centaur but do no damage.
The centaur is severely wounded.
The centaur hits you.
* * * LOW HITPOINT WARNING * * *
The centaur closely misses you.
You hit the centaur but do no damage.
The centaur is severely wounded.
The centaur hits you but does no damage.
The centaur barely misses you.
You hit the centaur.
The centaur is almost dead.
The centaur hits you!
* * * LOW HITPOINT WARNING * * *
The centaur hits you.
You die...

#..../....#
#.........#
#.........# #
#.........#
#.##!........#
.............#
.............#
........(....#
......>@.....#
.......c.....#
...#..........#
..
#............ .
#(.........###
#..........#
...........#
.....<......#


You could see a centaur.

Vanquished Creatures
  A centaur skeleton (D:4)
  A worker ant (D:4)
  2 adders
  3 leopard geckos (D:1)
  4 orcs
  2 bats
  6 giant cockroaches
  8 hobgoblins
  3 jackals (D:2)
  13 kobolds
  A quokka (D:3)
  5 frilled lizards
  5 goblins
  A rat (D:2)
55 creatures vanquished.

Notes
Turn   | Place    | Note
-------+----------+-------------------------------------------
     0 | D:1      | Gadfly the Ogre Monk began the quest for the Orb.
     0 | D:1      | Reached XP level 1. HP: 24/24 MP: 1/1
   132 | D:1      | Reached XP level 2. HP: 32/32 MP: 2/2
   636 | D:1      | Reached skill level 1 in Invocations
   996 | D:1      | Reached XP level 3. HP: 34/39 MP: 3/3
  1054 | D:1      | Reached skill level 1 in Throwing
  1391 | D:2      | Reached skill level 1 in Armour
  1736 | D:2      | Reached skill level 1 in Evocations
  2410 | D:3      | Reached XP level 4. HP: 41/48 MP: 5/5
  3292 | D:4      | Reached XP level 5. HP: 37/54 MP: 6/6
  3421 | D:4      | Noticed an ogre
  3649 | D:3      | You fall into a shaft and drop 2 floors!
  3649 | D:5      | Entered Level 5 of the Dungeon
  3650 | D:5      | Noticed a centaur
  3666 | D:5      | HP: 2/54 [centaur (9)]
  3666 | D:5      | Slain by a centaur

Illustrated notes

Levels and vault maps discovered:
D:1:      scummos_arrival_star, layout_basic
D:2:      layout_loops_ring
D:3:      layout_basic, kennysheep_vampire_church, minmay_strange_pillars,
          uniq_robin, uniq_crazy_yiuf_cottage
D:4:      layout_cave_pods, serial_forest, infiniplex_forest_lined_3,
          infiniplex_forest_clump_tiny, infiniplex_forest_straight_2,
          infiniplex_forest_straight_5, infiniplex_forest_side_room,
          infiniplex_forest_corner_1
D:5:      layout_basic, minmay_temple_entry_proselytizer

Skill      XL: |  1  2  3  4 |
---------------+-------------+-----
Invocations    | 1 2 |  2.3
Throwing       | 1 |  1.8
Armour         | 1 |  1.5
Evocations     | 1 |  1.5
Maces & Flails | 3 |  3.1
Fighting       | |  4.0
Dodging        | |  2.6
Stealth        | |  1.4

Action                   |  1- 3 |  4- 6 || total
-------------------------+-------+-------++-------
Melee: Mace              |   144 |    39 ||   183
       Flail             |       |    35 ||    35
Throw: Stone             |    12 |     5 ||    17
  Use: Scroll            |     7 |       ||     7
       Potion            |     1 |     4 ||     5
 Stab: Sleeping          |     3 |       ||     3
Armor: Robe              |    49 |    29 ||    78
Dodge: Dodged            |   100 |    53 ||   153
